 Dungeon Crawl Stone Soup version 0.30.1-6-gbe392663c4 (webtiles) character file.

Game seed: 12813189755744947042

40 Kurtz the Chopper (level 3, -1/23 HPs)
             Began as a Tengu Fighter on Sept 20, 2023.
             Killed by nerve-wracking pain
             ... invoked by Grinder
              (9 damage)
             ... on level 3 of the Dungeon.
             The game lasted 00:00:33 (573 turns).

Kurtz the Chopper (Tengu Fighter)                    Turns: 573, Time: 00:00:34

Health: -1/23      AC:  6    Str: 18    XL:     3   Next: 50%
Magic:  4/4        EV:  9    Int:  8    God:
Gold:   30         SH:  4    Dex: 13    Spells: 2/2 levels left

rFire   . . .        a - +0 war axe
rCold   . . .        c - +0 buckler
rNeg    . . .        b - +0 scale mail
rPois   .            (helmet restricted)
rElec   .            (no cloak)
rCorr   .            (no gloves)
SInv    .            (boots unavailable)
Will    .....        (no amulet) Stlth
                     (no ring)
HPRegen 0.23/turn    (no ring)
MPRegen 0.09/turn

%: no passive effects
@: no status effects
A: beak, talons 3
a: no special abilities


You were on level 3 of the Dungeon.
You visited 1 branch of the dungeon, and saw 3 of its levels.

You collected 30 gold pieces.

Inventory:

Hand Weapons
 a - a +0 war axe (weapon)
Armour
 b - a +0 scale mail (worn)
 c - a +0 buckler (worn)
Scrolls
 e - a scroll of identify {unknown}
 g - a scroll of enchant armour {unknown}
 h - 2 scrolls of fear {unknown}
Potions
 d - a potion of might
 f - 3 potions of lignification {unknown}
 i - 2 potions of attraction {unknown}


   Skills:
 - Level 3.0 Fighting
 * Level 4.2 Axes
 - Level 3.2 Armour
 - Level 3.0 Shields


You had 2 spell levels left.
You didn't know any spells.
Your spell library was empty.

Dungeon Overview and Level Annotations

Branches:
Dungeon (3/15)

Altars:
Hepliaklqana

Annotations:
D:2 Sigmund
D:3 Grinder


Innate Abilities, Weirdness & Mutations

You have a beak for a mouth.
You have claws for feet.


Message History

Found 3 gold pieces and a scroll labelled CUR JAIRITIYNN.
Unknown command.
Sigmund points at you and mumbles some strange words.
The magic dart hits you!
You bump into the rock wall.
You're too confused to move!
Sigmund zaps a wand.
You turn into a filthy swine.
Your +0 war axe melds into your body.
Your +0 buckler melds into your body.
Your +0 scale mail melds into your body.
You're too confused to move!
You feel less confused.
Found 4 gold pieces.
Sigmund closely misses you. Sigmund casts a spell at you.
You resist with significant effort.
There is a stone staircase leading down here.
You climb downwards.
There is a stone staircase leading up here.
There are monsters nearby!
The orc hits you with a +0 short sword.
You hit the orc.
The orc is heavily wounded.
The orc hits you with a +0 short sword. The kobold closely misses you.
You barely miss the orc.
The orc is heavily wounded.
The kobold hits you with a +2 dagger of venom.
The orc hits you with a +0 short sword.
* * * LOW HITPOINT WARNING * * *
You are too injured to fight recklessly!
You are too injured to fight recklessly!
You are too injured to fight recklessly!
The orc throws a boomerang.
The boomerang barely misses you.
Your transformation is almost over.
You feel less porcine.
Your +0 war axe unmelds from your body.
Your +0 buckler unmelds from your body.
Your +0 scale mail unmelds from your body.
Grinder comes into view.
Grinder shouts!
Found a fizzy silvery potion.
Grinder gestures at you. Pain shoots through your body!
You die...

#. . .#. ... #.# #.#
#.######### .
##.....o...#
....####.....####.## ##
..5....@......K....##...
!.#.###....#######......
#....# #o##.## ##...#
#.##.# ##..# #....# ##.#
#K##### #.# #o.....
#.#######.#####
#.............#


You could see Grinder, an orc and a kobold.

Vanquished Creatures
  An orc wizard (D:3)
  An orc (D:2)
  4 goblins
  4 hobgoblins
  A bat (D:1)
  A frilled lizard (D:1)
  A kobold (D:2)
  3 rats
16 creatures vanquished.

Notes
Turn   | Place    | Note
-------+----------+-------------------------------------------
     0 | D:1      | Kurtz the Tengu Fighter began the quest for the Orb.
     0 | D:1      | Reached XP level 1. HP: 14/14 MP: 2/2
    57 | D:1      | Reached skill level 3 in Axes
    57 | D:1      | Reached XP level 2. HP: 19/19 MP: 3/3
   211 | D:2      | Found a hazy altar of Hepliaklqana.
   267 | D:3      | Reached skill level 4 in Axes
   267 | D:3      | Reached XP level 3. HP: 21/23 MP: 4/4
   518 | D:2      | Noticed Sigmund
   572 | D:3      | Noticed Grinder
   573 | D:3      | Killed from afar by Grinder

Illustrated notes

Levels and vault maps discovered:
D:1:      minmay_arrival_radiant_lines, layout_basic
D:2:      layout_basic, basic_altar, uniq_sigmund
D:3:      layout_loops_cross, xom_teletrap_fun, uniq_grinder, uniq_terence,
          uniq_ijyb

Skill      XL: |  1  2 |
---------------+-------+-----
Axes           | 3 4 |  4.2
Fighting       | |  3.0
Armour         | |  3.2
Shields        | |  3.0

Action                     || total
---------------------------++-------
  Melee: War axe           ||    24
         Kick              ||     6
         Peck              ||     2
         Unarmed           ||     2
 Armour: Scale mail        ||    12
  Dodge: Dodged            ||    16
  Block: Buckler           ||     2
